 Dungeon Crawl Stone Soup version 0.23.2-40-g277498a001 (webtiles) character file.

Game seed: 18371180911730488391

3702 Exodus22XD the Thaumaturge (level 9, -3/45 HPs)
             Began as a Deep Elf Wizard on Aug 22, 2019.
             Was a Believer of Vehumet.
             Slain by a gnoll
             ... wielding a +0 club
              (9 damage)
             ... on level 9 of the Dungeon.
             The game lasted 01:13:41 (8661 turns).

Exodus22XD the Thaumaturge (Deep Elf Wizard)        Turns: 8661, Time: 01:13:41

Health: -3/45      AC:  6    Str:  4    XL:     9   Next: 91%
Magic:  14/25      EV: 13    Int: 30    God:    Vehumet [**....]
Gold:   125        SH:  0    Dex: 13    Spells: 17/28 levels left

rFire    . . .     SeeInvis .   (no weapon)
rCold    . . .     Gourm    .   (no shield)
rNeg     + . .     Faith    .   a - +0 robe
rPois    .         Spirit   .   F - +1 hat {Int+3}
rElec    .         Reflect  .   f - +0 cloak
rCorr    .         Harm     .   o - +0 pair of gloves
MR       .....                  j - +0 pair of boots
Stlth    ++........             (no amulet)
HPRegen  0.15/turn              l - ring of positive energy
MPRegen  0.19/turn              (no ring)

@: no status effects
A: no striking features
a: Renounce Religion


You were on level 9 of the Dungeon.
You worshipped Vehumet.
Vehumet was pleased with you.
You were hungry.

You visited 2 branches of the dungeon, and saw 10 of its levels.
You also visited: Sewer.

You collected 431 gold pieces.
You spent 306 gold pieces at shops.

Inventory:

Armour
 a - a +0 robe (worn)
 f - a +0 cloak (worn)
 j - a +0 pair of boots (worn)
 o - a +0 pair of gloves (worn)
 F - a +1 hat of intelligence (worn)
Jewellery
 l - a ring of positive energy (left hand)
 D - an uncursed ring of see invisible {unknown}
Wands
 k - a wand of disintegration (8)
 u - a wand of digging (8)
 y - a wand of flame (18)
Scrolls
 e - 2 scrolls of immolation
 g - 2 scrolls of magic mapping
 n - a scroll of enchant weapon {unknown}
 p - 3 scrolls of teleportation
 r - a scroll of random uselessness {unknown}
 t - 3 scrolls of amnesia {unknown}
 v - 2 scrolls of fear {unknown}
 A - a scroll of summoning {unknown}
Potions
 c - a potion of resistance {unknown}
 h - 4 potions of curing
 i - 5 potions of invisibility
 m - 2 potions of ambrosia {unknown}
 q - 5 potions of flight
 s - a potion of might {unknown}
 w - a potion of mutation {unknown}
 x - a potion of haste {unknown}
 z - 3 potions of agility {unknown}
 B - 5 potions of degeneration {unknown}
 C - a potion of brilliance {unknown}
Comestibles
 d - 15 rations


   Skills:
 - Level 2.4 Dodging
 - Level 2.4 Stealth
 - Level 10.1 Spellcasting
 - Level 10.1 Conjurations
 - Level 3.0 Summonings
 - Level 1.2 Translocations
 * Level 7.5 Fire Magic
 - Level 3.6 Poison Magic


You had 17 spell levels left.
You knew the following spells:

 Your Spells              Type           Power        Failure   Level  Hunger
a - Magic Dart            Conj           ####         1%          1    None
b - Call Imp              Summ           ####....     1%          2    None
c - Blink                 Tloc           N/A          3%          2    None
d - Conjure Flame         Conj/Fire      ######..     1%          3    None
e - Mephitic Cloud        Conj/Pois/Air  #####...     1%          3    None

Your spell library contained the following spells:

 Spells                   Type           Power        Failure   Level  Hunger
 Searing Ray              Conj           ######       1%          2    None
 Slow                     Hex            ###.....     5%          2    None


Dungeon Overview and Level Annotations

Branches:
Dungeon (9/15)             Temple (1/1) D:5
   Lair: D:8-11         Orc: D:9-12

Altars:
Cheibriados
Dithmenos
Fedhas
Hepliaklqana
Kikubaaqudgha
Qazlal
Ru
Sif Muna
Uskayaw
Vehumet
Zin
The Shining One

Shops:
D:4 [   D:8 }*

Annotations:
D:8 Pikel


Message History

The gnoll hits you with a +0 club.
* * * LOW HITPOINT WARNING * * *
Casting: Magic Dart (safe; 1% risk of failure)
Confirm with . or Enter, or press ? or * to list all spells.
Aiming: Magic Dart (safe; 1% risk of failure)
Press: ? - help, Shift-Dir - straight line, f/p - gnoll
Aim: a gnoll, wielding a +0 club (moderately wounded)
The magic dart hits the gnoll.
The gnoll is severely wounded.
The gnoll hits you with a +0 club.
* * * LOW HITPOINT WARNING * * *
Casting: Magic Dart (safe; 1% risk of failure)
Confirm with . or Enter, or press ? or * to list all spells.
Aiming: Magic Dart (safe; 1% risk of failure)
Press: ? - help, Shift-Dir - straight line, f/p - gnoll
Aim: a gnoll, wielding a +0 club (severely wounded)
The magic dart hits the gnoll.
The gnoll is almost dead.
The gnoll hits you with a +0 club!
You die...

# #####
#.###......
#..@g...$#
#####.##.#
#


You could see a gnoll.

Vanquished Creatures
  A two-headed ogre (D:8)
  Grinder (D:5)
  2 hippogriffs
  Sigmund (D:6)
  A hungry ghost (D:7)
  Menkaure (D:5)
  Edmund (D:6)
  Duvessa (D:6)
  A sky beast (D:6)
  A black bear (D:6)
  2 orc warriors (D:5)
  A necrophage (D:7)
  3 ogres (D:4)
  A big kobold (D:4)
  2 bullfrogs
  Dowan (D:6)
  A scorpion (D:5)
  A wyvern skeleton (D:7)
  3 killer bees (D:7)
  A wight (D:5)
  A howler monkey (D:6)
  A quasit (D:8)
  A hound (D:5)
  Crazy Yiuf (D:5)
  6 orc wizards
  5 orc priests
  A bullfrog skeleton (D:5)
  2 centaur skeletons
  An iguana (D:6)
  3 worker ants
  A worker ant zombie (D:7)
  4 adders (D:2)
  2 shadow imps (D:5)
  4 oozes (Sewer)
  5 worms (Sewer)
  A dart slug (D:2)
  2 leopard geckos
  9 orcs
  5 giant cockroaches
  7 goblins
  7 hobgoblins
  11 jackals
  9 kobolds
  4 quokkas
  4 ball pythons
  13 bats
  8 frilled lizards
  A giant cockroach zombie (D:5)
  A jackal skeleton (D:4)
  A leopard gecko skeleton (D:8)
  A quokka skeleton (D:5)
  7 rats
156 creatures vanquished.

Vanquished Creatures (collateral kills)
  An ice beast (D:7)
  An ogre (D:8)
  A wyvern skeleton (D:8)
  2 killer bees (D:7)
  A wight (D:5)
  A centaur zombie (D:7)
  A jelly (D:8)
  A worm (D:2)
  A leopard gecko (D:8)
  5 orcs
  A giant cockroach (D:3)
  A jackal (D:2)
  A quokka (D:8)
  A kobold (D:3)
19 creatures vanquished.

Vanquished Creatures (others)
  An orc (D:5)
1 creature vanquished.

Grand Total: 176 creatures vanquished

Notes
Turn   | Place    | Note
-------+----------+-------------------------------------------
     0 | D:1      | Exodus22XD the Deep Elf Wizard began the quest for the Orb.
     0 | D:1      | Reached XP level 1. HP: 10/10 MP: 7/7
   122 | D:1      | Reached XP level 2. HP: 15/15 MP: 0/9
   668 | D:1      | Learned a level 2 spell: Call Imp
   671 | D:1      | Learned a level 2 spell: Blink
   912 | D:2      | Reached XP level 3. HP: 19/19 MP: 1/10
  1397 | D:2      | Learned a level 3 spell: Conjure Flame
  1619 | D:2      | Reached XP level 4. HP: 24/24 MP: 7/12
  2151 | D:3      | Found a stormy altar of Qazlal.
  2184 | D:3      | Found a faded altar of an unknown god.
  2242 | D:3      | Reached skill level 1 in Fire Magic
  2856 | D:4      | Noticed an ogre
  2862 | D:4      | Learned a level 3 spell: Mephitic Cloud
  2911 | D:4      | Killed an ogre
  2911 | D:4      | Reached XP level 5. HP: 28/28 MP: 0/13
  3114 | D:4      | Noticed an ogre
  3126 | D:4      | Killed an ogre
  3262 | D:4      | Reached XP level 6. HP: 22/32 MP: 1/14
  3675 | D:4      | Found Xausua's Armour Emporium.
  3723 | D:5      | Entered Level 5 of the Dungeon
  3783 | D:5      | Noticed an orc warrior
  3811 | D:5      | Found a staircase to the Ecumenical Temple.
  3821 | Temple   | Entered the Ecumenical Temple
  3843 | Temple   | Became a worshipper of Vehumet
  3919 | D:5      | Reached skill level 5 in Spellcasting
  3969 | D:5      | Noticed an orc warrior
  3983 | D:5      | Reached XP level 7. HP: 34/36 MP: 1/17
  4103 | D:5      | Noticed Grinder
  4125 | D:5      | Paralysed by Grinder for 7 turns
  4136 | D:5      | Killed Grinder
  4156 | D:5      | Found a runed translucent door.
  4157 | D:5      | Noticed Crazy Yiuf
  4365 | D:5      | Killed Crazy Yiuf
  4739 | D:5      | Noticed a hippogriff
  4762 | D:5      | Killed a hippogriff
  4762 | D:5      | Reached skill level 5 in Conjurations
  4762 | D:5      | Reached XP level 8. HP: 19/41 MP: 0/22
  4978 | D:5      | Noticed Menkaure
  5009 | D:5      | Killed Menkaure
  5650 | D:6      | Reached * piety under Vehumet
  5650 | D:6      | Offered knowledge of Flame Tongue by Vehumet.
  5859 | D:6      | Found a glowing drain.
  5869 | Sewer    | Entered a sewer
  6203 | Sewer    | Reached ** piety under Vehumet
  6203 | Sewer    | Offered knowledge of Shock by Vehumet.
  6699 | D:6      | Noticed Sigmund
  6706 | D:6      | Killed Sigmund
  6706 | D:6      | Reached XP level 9. HP: 39/45 MP: 13/23
  6708 | D:6      | Noticed Dowan
  6711 | D:6      | Noticed Duvessa
  6734 | D:6      | Killed Duvessa
  6757 | D:6      | Noticed Edmund
  6760 | D:6      | Killed Dowan
  6905 | D:6      | Killed Edmund
  7021 | D:6      | Got a dazzling leather armour
  7032 | D:6      | Identified the cursed +1 leather armour "Tinise Kive"
                  | {Slay+2} (You found it on level 6 of the Dungeon)
  7248 | D:7      | Reached skill level 10 in Spellcasting
  7344 | D:7      | Reached skill level 10 in Conjurations
  7475 | D:7      | Found a shadowy altar of Dithmenos.
  7661 | D:7      | Found a radiant altar of Vehumet.
  7705 | D:7      | Reached skill level 5 in Fire Magic
  7719 | D:7      | Offered knowledge of Searing Ray by Vehumet.
  7841 | D:8      | Noticed Pikel
  7946 | D:8      | Found Durphuasm's Gadget Emporium.
  7951 | D:8      | Found Gyariut's Assorted Antiques.
  7967 | D:8      | Bought an embroidered hat for 238 gold pieces
  7967 | D:8      | Bought a scroll of identify for 68 gold pieces
  7994 | D:8      | Noticed a two-headed ogre
  8020 | D:8      | Killed a two-headed ogre
  8428 | D:8      | Reached *** piety under Vehumet
  8661 | D:9      | Slain by a gnoll

Skill      XL: |  1  2  3  4  5  6  7  8  9 |
---------------+----------------------------+-----
Conjurations   | 2 3 4 5 9 10 | 10.1
Summonings     | 2 3 |  3.0
Fire Magic     | 3 7 |  7.5
Poison Magic   | 3 |  3.6
Spellcasting   | 5 8 10 | 10.1
Dodging        | |  2.4
Stealth        | |  2.4
Translocations | |  1.2

Action                   |  1- 3 |  4- 6 |  7- 9 || total
-------------------------+-------+-------+-------++-------
Melee: Unarmed           |       |     1 |       ||     1
 Cast: Magic Dart        |    84 |    86 |   310 ||   480
       Call Imp          |     4 |    11 |    43 ||    58
       Blink             |     1 |     2 |     9 ||    12
       Mephitic Cloud    |       |     5 |    30 ||    35
       Conjure Flame     |       |     5 |    27 ||    32
Evoke: Wand              |       |       |     6 ||     6
  Use: Potion            |     1 |       |     3 ||     4
       Scroll            |       |     4 |     7 ||    11
  Eat: Chunk             |     2 |     4 |    14 ||    20
       Ration            |       |     1 |       ||     1
Armor: Robe              |     5 |     4 |    36 ||    45
Dodge: Dodged            |    23 |    29 |    95 ||   147
